Map: Daybreak LE

Players

Solar - Winner!

  • Race: Zerg Zerg
  • League: Master
  • Spawn Location: 1:00

Patience

  • Race: Protoss Protoss
  • League: Master
  • Spawn Location: 7:00

VOD

Have the link to the VOD?

Description

Time

  • Played on: Jan. 8, 2017, 8:32 p.m.
  • Length: 12:53
Show
View Real Time Build Order
Export as new Build Order

Solar Zerg - Winner!

Build Orders: Hatch First, Muta Ling Bane 

Get SALT Encoding   

  12  0:01  Drone  
  13  0:13  Overlord  
  13  0:17  Drone  
  14  0:31  Drone x2  
  16  0:38  Drone  
  17  0:53  Hatchery  
  17  0:56  Drone  
  17  1:00  Drone  
  18  1:07  Extractor  
  17  1:15  Spawning Pool  
  17  1:17  Drone  
  17  1:20  Drone  
  18  1:28  Drone  
  19  1:39  Drone  
  20  1:55  Drone  
  21  2:02  Overlord  
  21  2:04  Queen  
  21  2:05  Queen  
  21  2:06  Zergling x2  
  26  2:09  Metabolic Boost  
  26  2:13  Zergling x2  
  27  2:18  Zergling x2  
  28  2:27  Drone  
  29  2:38  Drone  
  29  2:39  Drone  
  31  2:47  Hatchery  
  31  2:48  Overlord  
  31  2:50  Drone x2  
  32  2:55  Drone  
  33  3:00  Drone  
  34  3:06  Drone  
  34  3:07  Queen  
  37  3:14  Zergling x2  
  37  3:15  Zergling x2  
  37  3:17  Drone x2  
  37  3:19  Overlord  
  41  3:21  Drone  
  41  3:23  Drone  
  41  3:25  Drone  
  44  3:29  Spore Crawler  
  44  3:31  Drone  
  44  3:36  Overlord  
  44  3:39  Drone  
  44  3:40  Drone  
  45  3:46  Drone  
  45  3:47  Drone x2  
  48  3:51  Queen  
  50  3:55  Spore Crawler  
  50  3:57  Drone x2  
  50  4:01  Drone x2  
  53  4:04  Evolution Chamber  
  53  4:07  Overlord  
  52  4:11  Drone x2  
  52  4:16  Drone  
  55  4:20  Extractor, Overlord  
  55  4:21  Drone  
  55  4:22  Drone x5  
  55  4:24  Drone  
  61  4:29  Zergling x2  
  62  4:31  Zergling x2  
  63  4:39  Zerg Melee Weapons Level 1  
  63  4:41  Drone  
  63  4:42  Drone  
  65  4:46  Hatchery  
  65  4:48  Drone x2  
  65  4:49  Drone  
  65  4:51  Baneling Nest  
  65  4:52  Drone x2  
  68  4:56  Overlord  
  68  4:58  Drone x2  
  70  5:02  Zergling x6  
  70  5:06  Lair  
  72  5:10  Drone  
  73  5:14  Extractor  
  73  5:15  Roach Warren, Extractor, Overlord  
  73  5:17  Drone x3  
  73  5:19  Drone  
  73  5:20  Drone x2  
  76  5:28  Overlord  
  76  5:29  Drone x2  
  78  5:40  Overlord  
  78  5:46  Spore Crawler  
  78  5:48  Zergling x14  
  78  5:49  Zergling x2  
  84  5:50  Zergling x2  
  84  5:55  Roach x3  
  84  5:56  Roach  
  92  5:58  Drone  
  92  6:01  Overlord  
  92  6:03  Centrifical Hooks  
  93  6:05  Overseer, Drone x3  
  93  6:07  Roach, Zergling x2  
  93  6:08  Overlord  
  99  6:14  Baneling x5  
  99  6:15  Baneling x2, Zergling x4  
  99  6:17  Ravager x2  
  103  6:19  Zergling x4  
  103  6:21  Zergling x6  
  103  6:23  Roach  
  103  6:25  Overlord  
  110  6:26  Zergling x4  
  110  6:29  Drone x2  
  115  6:32  Ravager  
  115  6:33  Ravager  
  115  6:35  Overlord  
  115  6:39  Overlord  
  116  6:43  Glial Reconstitution  
  116  6:44  Drone  
  116  6:45  Zergling x10, Drone  
  116  6:46  Zergling x2  
  124  6:53  Drone x5  
  129  6:55  Overseer  
  129  6:56  Hatchery, Overseer  
  129  6:58  Overlord  
  128  7:02  Drone x3  
  128  7:03  Extractor  
  128  7:05  Spine Crawler  
  129  7:12  Zerg Melee Weapons Level 2  
  129  7:13  Zergling x6  
  129  7:14  Zergling x12  
  136  7:17  Zergling x2  
  136  7:18  Zergling x4  
  139  7:26  Drone x2  
  139  7:27  Drone x2  
  139  7:28  Drone  
  139  7:29  Spire  
  143  7:30  Drone x2  
  143  7:32  Overlord x2  
  143  7:36  Drone x3  
  148  7:38  Extractor, Overlord  
  147  7:54  Drone x2  
  147  7:55  Overseer  
  147  7:57  Drone  
  149  8:04  Hatchery  
  147  8:17  Spine Crawler  
  147  8:19  Overlord x3  
  146  8:26  Hatchery  
  145  8:32  Drone x2  
  128  8:46  Mutalisk x5  
  128  8:47  Mutalisk x6  
  150  8:49  Roach x2, Spawning Pool  
  150  8:50  Roach  
  155  9:00  Roach x4  
  155  9:01  Roach  
  164  9:03  Drone  
  164  9:08  Roach x5  
  175  9:12  Hatchery  
  175  9:13  Drone  
  172  9:37  Zergling x16, Hatchery  
  172  9:38  Zergling x34  
  196  9:42  Zergling x2  
  197  9:46  Zergling x6  
  197  9:51  Baneling  
  197  9:52  Baneling x15  
  199  10:01  Overseer  
  180  10:16  Zergling x24  
  180  10:19  Roach x2, Zergling x12  
  180  10:20  Zergling x8  
  180  10:21  Zergling x2  
  177  10:28  Roach x3  
  164  10:36  Zergling x2  
  164  10:37  Zergling x4  
  164  10:38  Zergling x12  
  164  10:39  Ravager  
  174  10:43  Zergling x12  
  174  10:45  Baneling x14  
  174  10:46  Baneling x21  
  174  10:47  Zergling x8  
  182  10:52  Baneling x7  
  182  10:53  Baneling  
  182  10:55  Zergling x2  
  182  10:56  Zergling x6  
  186  11:01  Zergling x6  
  189  11:05  Ravager x2  
  189  11:07  Zergling x2, Ravager  
  189  11:08  Zergling x12  
  189  11:10  Spine Crawler  
  189  11:11  Spore Crawler  
  197  11:14  Ravager  
  197  11:18  Baneling x4  
  195  11:24  Zergling x10  
  174  11:28  Zergling x2  
  174  11:32  Zergling x4  
  150  11:33  Zergling x4  
  150  11:35  Zergling x16  
  150  11:36  Zergling x14  
  147  11:42  Roach, Zergling x10  
  147  11:46  Zergling x8  
  150  11:53  Zergling x2  
  143  12:02  Zergling x10  
  143  12:04  Ravager x3  
  143  12:05  Ravager  
  152  12:10  Baneling x18  
  152  12:11  Baneling x3  
  152  12:12  Zergling x38  
  152  12:13  Zergling x2  
  152  12:14  Baneling  
  152  12:15  Baneling x2  
  172  12:16  Baneling  
  172  12:19  Zergling x2  
  172  12:20  Zergling x6  
  172  12:21  Baneling x3  
  176  12:22  Baneling  
  176  12:24  Zergling x4  
  178  12:30  Zergling x2  
  178  12:31  Zergling x6  
  178  12:32  Baneling x6  
  182  12:39  Overseer  
Show
View Real Time Build Order
Export as new Build Order

Patience Protoss 

Build Orders: 1 Gate Expand, Oracle Opening, Phoenix Opening 

Get SALT Encoding   

  12  0:00  Probe (Chrono Boost)  
  13  0:11  Probe (Chrono Boost)  
  14  0:19  Pylon  
  14  0:22  Probe (Chrono Boost)  
  15  0:37  Probe (Chrono Boost)  
  15  0:39  Gateway  
  16  0:45  Assimilator  
  16  0:48  Probe (Chrono Boost)  
  17  0:58  Probe (Chrono Boost)  
  18  1:09  Probe (Chrono Boost)  
  19  1:19  Probe (Chrono Boost)  
  20  1:26  Nexus  
  20  1:36  Cybernetics Core  
  21  1:40  Probe (Chrono Boost)  
  21  1:46  Assimilator  
  21  1:50  Probe (Chrono Boost)  
  22  1:55  Pylon  
  22  2:02  Pylon  
  22  2:06  Probe (Chrono Boost)  
  23  2:09  Adept  
  25  2:18  Probe (Chrono Boost)  
  25  2:21  Stargate  
  26  2:27  Warp Gate  
  27  2:31  Probe (Chrono Boost)  
  27  2:35  Pylon  
  26  2:39  Probe (Chrono Boost)  
  26  2:43  Probe (Chrono Boost)  
  28  2:46  Adept  
  28  2:50  Probe (Chrono Boost)  
  31  2:55  Probe (Chrono Boost)  
  32  3:00  Probe (Chrono Boost)  
  32  3:01  Oracle  
  34  3:07  Probe (Chrono Boost)  
  34  3:11  Probe (Chrono Boost)  
  38  3:13  Adept  
  38  3:19  Probe (Chrono Boost), Pylon  
  41  3:21  Probe (Chrono Boost)  
  42  3:31  Probe (Chrono Boost)  
  42  3:32  Probe (Chrono Boost)  
  44  3:37  Gateway  
  44  3:40  Phoenix  
  44  3:42  Probe (Chrono Boost)  
  44  3:43  Probe (Chrono Boost)  
  48  3:51  Gateway  
  48  3:55  Probe (Chrono Boost), Mothership Core (Chrono Boost)  
  51  4:01  Pylon  
  51  4:06  Probe (Chrono Boost)  
  51  4:09  Assimilator  
  52  4:11  Assimilator  
  52  4:13  Probe (Chrono Boost)  
  54  4:17  Probe (Chrono Boost)  
  55  4:24  Probe (Chrono Boost)  
  55  4:27  Probe (Chrono Boost)  
  55  4:29  Nexus  
  56  4:33  Pylon  
  56  4:34  Probe (Chrono Boost)  
  56  4:38  Probe (Chrono Boost)  
  58  4:45  Probe (Chrono Boost)  
  59  4:47  Twilight Council  
  59  4:48  Forge  
  59  4:49  Probe (Chrono Boost)  
  60  4:55  Probe (Chrono Boost)  
  60  4:59  Probe (Chrono Boost)  
  62  5:06  Probe (Chrono Boost)  
  63  5:10  Probe (Chrono Boost)  
  63  5:11  Gateway  
  63  5:13  Sentry x2  
  63  5:14  Gateway  
  68  5:15  Sentry, Protoss Ground Weapons Level 1  
  68  5:16  Resonating Glaives, Gateway  
  68  5:21  Robotics Facility  
  70  5:35  Pylon  
  70  5:41  Gateway  
  71  5:44  Probe (Chrono Boost)  
  71  5:51  Adept x3  
  71  5:53  Probe (Chrono Boost)  
  71  5:55  Probe (Chrono Boost)  
  71  5:56  Dark Shrine  
  79  6:00  Gateway  
  81  6:05  Probe x2 (Chrono Boost), Warp Prism  
  81  6:06  Pylon  
  83  6:20  Adept x3  
  83  6:23  Adept  
  83  6:24  Adept  
  93  6:28  Adept  
  93  6:31  Probe x3 (Chrono Boost)  
  98  6:33  Pylon  
  98  6:36  Warp Prism  
  98  6:45  Pylon  
  100  6:48  Pylon  
  100  6:49  Assimilator  
  100  6:54  Assimilator  
  100  6:57  Probe x3 (Chrono Boost)  
  100  6:58  Protoss Ground Weapons Level 2  
  103  7:07  Robotics Facility  
  106  7:09  Probe x3 (Chrono Boost)  
  106  7:10  Blink  
  106  7:21  Probe x3 (Chrono Boost)  
  109  7:25  Observer, Photon Cannon  
  110  7:33  Probe (Chrono Boost)  
  110  7:36  Dark Templar  
  110  7:37  Dark Templar x3, Pylon  
  115  7:38  Dark Templar  
  121  7:49  Immortal  
  121  7:50  Immortal  
  127  8:06  Nexus  
  127  8:09  Pylon  
  127  8:16  Archon x2  
  127  8:23  Immortal, Probe x3 (Chrono Boost), Assimilator  
  127  8:24  Immortal  
  130  8:28  Assimilator  
  139  8:35  Probe (Chrono Boost)  
  139  8:40  Dark Templar x3  
  139  8:41  Dark Templar  
  139  8:46  Probe x2 (Chrono Boost)  
  141  8:51  Pylon  
  141  8:52  Pylon x2  
  141  8:56  Pylon  
  141  8:58  Immortal  
  141  8:59  Probe (Chrono Boost)  
  141  9:00  Immortal  
  140  9:10  Protoss Ground Weapons Level 3  
  140  9:12  Zealot x3  
  144  9:28  Probe x2 (Chrono Boost)  
  144  9:29  Stalker x4  
  144  9:30  Stalker  
  150  9:32  Stalker x2  
  150  9:33  Stalker  
  150  9:36  Photon Cannon  
  148  9:54  Gateway, Dark Templar x2  
  148  9:55  Gateway, Dark Templar x2  
  156  10:00  Archon x2  
  156  10:01  Dark Templar x2  
  156  10:02  Stalker x2  
  156  10:15  Immortal x2  
  146  10:33  Dark Templar  
  146  10:34  Dark Templar x2  
  152  10:41  Gateway  
  152  10:43  Stalker x2, Gateway  
  152  10:44  Stalker x3, Photon Cannon  
  152  10:45  Pylon  
  152  10:49  Immortal  
  162  10:50  Immortal, Archon  
  162  10:51  Archon  
  170  11:09  Probe (Chrono Boost), Pylon  
  170  11:10  Probe x3 (Chrono Boost), Photon Cannon  
  174  11:25  Stalker x3  
  157  11:32  Stalker x3  
  117  11:33  Stalker x3  
  99  11:41  Zealot x2  
  99  11:45  Probe x4 (Chrono Boost)  
  96  11:58  Probe x4 (Chrono Boost)  
  98  12:03  Dark Templar x3  
  98  12:07  Dark Templar x3  
  110  12:13  Dark Templar x3  
  116  12:16  Archon, Pylon  
  116  12:18  Archon  
  116  12:19  Archon  
  120  12:41  Zealot x5  
  120  12:42  Zealot x2  
Tags
 
Add a new tag
Caveats
  • Supply blocks, unpowered buildings, or Contaminate may cause inaccurate times.
  • Supply counts are checked every 10 seconds.